 Dungeon Crawl Stone Soup version 0.31-a0-940-gdaa99269f9 (webtiles) character file.

Game seed: 15548532632544654247

27 Shayle the Vexing (level 3, 0/36 HPs)
             Began as an Ogre Hexslinger on Oct 20, 2023.
             Slain by a worm (10 damage)
             ... on level 2 of the Dungeon.
             The game lasted 00:01:05 (820 turns).

Shayle the Vexing (Ogre Hexslinger)                  Turns: 820, Time: 00:01:06

Health: 0/36       AC:  3    Str: 12    XL:     3   Next: 10%
Magic:  0/4        EV: 10    Int: 16    God:
Gold:   114        SH:  0    Dex: 11    Spells: 2/4 levels left

rFire   . . .        a - +1 sling
rCold   . . .        (no shield)
rNeg    . . .        c - +0 robe
rPois   .            (helmet restricted)
rElec   .            (no cloak)
rCorr   .            (gloves unavailable)
SInv    .            (boots unavailable)
Will    .....        (no amulet)
Stlth   +            (no ring)
HPRegen 0.26/turn    (no ring)
MPRegen 0.09/turn

%: no passive effects
@: weak-willed, very slightly contaminated
A: large, unfitting armour, tough skin 1
a: no special abilities


You were on level 2 of the Dungeon.
You visited 1 branch of the dungeon, and saw 2 of its levels.

You collected 114 gold pieces.

Inventory:

Hand Weapons
 a - a +1 sling (weapon)
Armour
 c - a +0 robe (worn)
Scrolls
 b - a scroll of poison
 d - 2 scrolls of fog {unknown}
 f - a scroll of identify {unknown}
 g - a scroll of fear {unknown}
Potions
 e - a potion of mutation {unknown}


   Skills:
 + Level 2.6 Fighting
 + Level 1.1 Maces & Flails
 - Level 1.3 Ranged Weapons
 + Level 2.3 Dodging
 - Level 1.2 Spellcasting
 - Level 2.6 Hexes
 - Level 0.8 Fire Magic


You had 2 spell levels left.
You knew the following spells:

 Your Spells              Type           Power      Damage    Failure   Level
a - Jinxbite              Hex            18%        N/A       12%         2

Your spell library contained the following spells:

 Spells                   Type           Power      Damage    Failure   Level
 Sigil of Binding         Hex            9%         N/A       22%         3
 Inner Flame              Hex/Fire       6%         N/A       32%         3
 Cause Fear               Hex            4%         N/A       58%         4
 Dimensional Bullseye     Hex/Tloc       2%         N/A       78%         4


Dungeon Overview and Level Annotations

Branches:
Dungeon (2/15)

Altars:


Innate Abilities, Weirdness & Mutations

You are too large for most types of armour.
You have tough skin. (AC +1)


Message History

You feel sick.
You are no longer poisoned.
The hobgoblin hits you but does no damage.
Your Maces & Flails skill increases to level 1!
You have reached level 3!
Your experience leads to an increase in your attributes!
Increase (S)trength, (I)ntelligence, or (D)exterity?
You feel clever. x2; You feel stronger.
You shoot a sling bullet. The sling bullet hits the hobgoblin.
You kill the hobgoblin!
Casting: Jinxbite (safe; 12% risk of failure)
Confirm with . or Enter, or press ? or * to list all spells.
You beckon some vexing sprites to accompany your attacks.
You feel your willpower being sapped.
You shoot a sling bullet. The sling bullet hits the worm.
The worm is lightly wounded.
A giggling sprite leaps out and ties the worm's tail in a knot.
The worm is lightly wounded.
You shoot a sling bullet. The sling bullet hits the worm.
The worm is moderately wounded.
You shoot a sling bullet. The sling bullet hits the worm.
The worm is severely wounded.
The worm seems less drained.
You shoot a sling bullet. The sling bullet hits the worm.
The worm is severely wounded.
You shoot a sling bullet.
The sling bullet barely misses the worm.
The worm bites you!
Casting: Jinxbite (safe; 12% risk of failure)
Confirm with . or Enter, or press ? or * to list all spells.
You miscast Jinxbite.
You are very lightly contaminated with residual magic.
Nothing appears to happen.
The jinxing sprites lose interest in you.
The worm bites you.
* * * LOW HITPOINT WARNING * * *
You shoot a sling bullet. The sling bullet hits the worm.
The worm is almost dead.
The worm bites you!
You die...

# #. .#######.# ......... .
#S...w..# ...
####.#######.....
#.......w@.......
###.##.###########.
#.....#....# #.#.##.###.#
### #.#.# # #.# #.. #.#.#
#.# # #.#
#.#.##.###.#######. #.#
#.#..............##.##.####
#.########.##.............#


You could see a worm.

Vanquished Creatures
  An adder (D:2)
  2 bats
  2 goblins (D:1)
  A hobgoblin (D:2)
  3 quokkas
  A ball python (D:1)
  A frilled lizard (D:1)
  5 kobolds
  2 rats (D:1)
18 creatures vanquished.

Notes
Turn   | Place    | Note
-------+----------+-------------------------------------------
     0 | D:1      | Shayle the Ogre Hexslinger began the quest for the Orb.
     0 | D:1      | Reached XP level 1. HP: 19/19 MP: 2/2
    83 | D:1      | Found a faded altar of an unknown god.
   216 | D:1      | Reached XP level 2. HP: 28/28 MP: 3/3
   219 | D:1      | Learned a level 2 spell: Jinxbite
   810 | D:2      | Reached skill level 1 in Maces & Flails
   810 | D:2      | Reached XP level 3. HP: 18/36 MP: 4/4
   820 | D:2      | Slain by a worm

Illustrated notes

Levels and vault maps discovered:
D:1:      eino_arrival_water_star, layout_basic, basic_ecumenical_altar,
          serial_bayou_lake_a
D:2:      layout_loops_ring, uniq_jessica, uniq_crazy_yiuf_cottage, uniq_robin

Skill      XL: |  1  2 |
---------------+-------+-----
Dodging        | 2 |  2.3
Fighting       | 2 |  2.6
Maces & Flails | 1 |  1.1
Ranged Weapons | |  1.3
Spellcasting   | |  1.2
Hexes          | |  2.6
Fire Magic     | |  0.8

Action                     || total
---------------------------++-------
   Fire: Sling             ||    51
   Cast: Jinxbite          ||     1
 Armour: Robe              ||    24
  Dodge: Dodged            ||    15

Table legend: (Time is in decaauts)
 A = Elapsed time spent in this place.
 B = Non-inter-level travel time spent in this place.
 C = Inter-level travel time spent in this place.
 D = Time resting spent in this place.
 E = Time spent auto-exploring this place.
 F = Levels seen in this place.
 G = Mean time per level.
                   A        B        C        D        E       F      G
               +--------+--------+--------+--------+--------+-----+--------+
         Total |    836 |    812 |     24 |      0 |    689 |   2 |  418.0 |
       Dungeon |    836 |    812 |     24 |      0 |    689 |   2 |  418.0 |
               +--------+--------+--------+--------+--------+-----+--------+

Top non-repeatable levels by time:
     D:1: 735 daAuts
     D:2: 100 daAuts
